Unix NetHack Version 3.7.0-97 Work-in-progress - last build Jan 15 2024 16:18:24 (bf5c21b99e62e8a7a5668a06ec9a5d408df58fe5,branch:master). Game began 2024-01-20 11:03:49, ended 2024-01-20 11:37:33. elenmirie, lawful female human Knight ###############------- -------- --.--- #}}}}}} #|.....| #.......| |.(..| ## #} #+.....| ######|......| |..... # 0# #############} #|.....| ## |......| |.....##########################} ###......| #### +..<`..| --....#### #### #} # #|.....| # # -------- # #}}}}}} # |.....-### # ############# -------## # # -------- ## |....... # |......| # +.%..|.| --------------- # |......| --------- |.............| -.---------- #####-.......####|.......| |.............| |..........| # -------- #r@>.....| |.............| |........{..###### |......u-########.......{......| ------------ --------- --------------- Elenmirie the Esquire St:14 Dx:9 Co:11 In:8 Wi:15 Ch:18 Lawful Dlvl:5 $:576 HP:0(31) Pw:30(30) AC:3 Xp:4/99 T:3346 Weak Burdened Latest messages: Arod is splashed by the acid blob's acid! Arod bites the acid blob. Arod misses the acid blob. Arod bites the acid blob. Something is engraved here on the headstone. You read: "Excellent day to have a rotten day.". Arod hits the acid blob. The acid blob is killed! Arod is splashed by the acid blob's acid! What do you want to use or apply? [beyCFIJP or ?*] P In what direction? h Status of the saddled Arod (neutral, medium): Level 4 HP 25(32) AC 6, tame. Pick an object. Talk to whom? (in what direction) l Arod whickers. You stop. Arod is in the way! The door opens. You swap places with Arod. You swap places with Arod. You swap places with Arod. You see here a Hawaiian shirt. You have a little trouble lifting L - a Hawaiian shirt. What do you want to read? [sGHJ or ?*] L The design features palm trees on a purple background. You have a little trouble lifting $ - 9 gold pieces (576 in total). What do you want to take off? [cdfn or ?*] c You finish taking off your mail. What do you want to wear? [cL or ?*] ? You are now wearing a Hawaiian shirt. What do you want to take off? [dfnL or ?*] L You were wearing a +0 Hawaiian shirt. What do you want to wear? [cL or ?*] c You finish your dressing maneuver. You are beginning to feel weak. You hit the rabid rat! The rabid rat bites! You miss the rabid rat. The rabid rat bites! The rabid rat's bite was poisoned! You miss the rabid rat. The rabid rat bites! The rabid rat bites! You miss the rabid rat. The rabid rat bites! You die... Do you want your possessions identified? [ynq] (y) y Do you want to see your attributes? [ynq] (y) y Do you want an account of creatures vanquished? [ynaq] (y) y Do you want to see your conduct and achievements? [ynq] (y) y Do you want to see the dungeon overview? [ynq] (y) y Inventory: Coins $ - 576 gold pieces Weapons a - an uncursed +1 long sword (weapon in left hand) b - an uncursed +1 lance (alternate weapon; not wielded) Armor d - an uncursed +0 helmet (being worn) f - an uncursed +0 pair of leather gloves (being worn) n - a blessed +0 small shield (being worn) L - an uncursed +0 Hawaiian shirt with a palm tree motif c - an uncursed +1 ring mail (being worn) Comestibles g - 12 uncursed apples h - 11 uncursed carrots C - a cursed eucalyptus leaf K - an uncursed pancake Scrolls G - an uncursed scroll of identify H - an uncursed scroll of light s - 2 uncursed scrolls of magic mapping Spellbooks J - an uncursed spellbook of healing Potions k - an uncursed potion of enlightenment i - an uncursed potion of fruit juice r - a blessed potion of gain energy E - an uncursed potion of gain energy z - 3 uncursed potions of healing A - 3 cursed potions of healing p - a cursed potion of restore ability o - an uncursed potion of water Rings B - a cursed ring of polymorph Wands I - an uncursed wand of speed monster (0:7) y - an uncursed wand of undead turning (0:3) Tools e - an uncursed lock pick P - an uncursed stethoscope F - 6 blessed tallow candles Elenmirie the Knight's attributes: Background: You were an Esquire, a level 4 female human Knight. You were lawful, on a mission for Lugh who was opposed by Brigit (neutral) and Manannan Mac Lir (chaotic). You were left-handed. You were in the Dungeons of Doom, on level 5. You entered the dungeon 3346 turns ago. You had 99 experience points, 61 more were needed to attain level 5. Basics: You had 0 out of 31 hit points. You had all 30 energy points (spell power). Your armor class was 3. Your wallet contained 576 zorkmids. Autopickup was on for '$' plus thrown. Final Characteristics: Your strength was 14 (base:15, limit:18/100). Your dexterity was 9 (limit:18). Your constitution was 11 (limit:18). Your intelligence was 8 (limit:18). Your wisdom was 15 (limit:18). Your charisma was 18 (limit:18). Final Status: You were weak from severe hunger. You were burdened; movement was slightly slowed. You were wielding a long sword. You had basic skill with long sword. Final Attributes: You were piously aligned. You could jump. You were warded. You are dead. Miscellaneous: You never encountered a bones level. Total elapsed playing time was 33 minutes and 43 seconds. Major events: Turn 1: elenmirie the lawful female human Knight entered the dungeon 1557: attained the rank of Esquire (level 3) 1733: entered the Gnomish Mines 3346: killed by a rabid rat Vanquished creatures: a straw golem a kitten an orc zombie a dwarf zombie 4 iguanas 2 acid blobs a coyote a hobbit 3 giant rats 2 cave spiders a brown mold a yellow mold a gecko 7 jackals a kobold a goblin 2 sewer rats 7 grid bugs 5 lichens a kobold zombie 6 newts 50 creatures vanquished. No species were genocided or became extinct. Voluntary challenges: You read items or engraved 10 times. You never engraved Elbereth. You never genocided any monsters. You never polymorphed an object. You never changed form. You used no wishes. Achievements: You entered a shop. You attained the rank of Esquire. You entered the Gnomish Mines. The Dungeons of Doom: levels 1 to 5 Level 1: A fountain, a grave. Level 2: A grave. Stairs down to The Gnomish Mines. Level 3: Level 4: An altar, a fountain. Level 5: <- You were here. A fountain, a sink, a grave. Final resting place for you, killed by a rabid rat. The Gnomish Mines: Level 3: Game over: ---------- / \ / REST \ / IN \ / PEACE \ / \ | elenmirie | | 576 Au | | killed by a | | rabid rat | | | | | | 2024 | *| * * * | * _________)/\\_//(\/(/\)/\//\/|_)_______ Fare thee well elenmirie the Knight... You died in The Dungeons of Doom on dungeon level 5 with 1115 points, and 576 pieces of gold, after 3346 moves. You were level 4 with a maximum of 31 hit points when you died.